Map: [ESL] Oceanborn

Players

ShoWTimE

  • Race: Protoss Protoss
  • Spawn Location: 11:00

Classic - Winner!

  • Race: Protoss Protoss
  • Spawn Location: 5:00

Event: ESL SC2 Masters 2023 Winter (Finals)

VOD

Have the link to the VOD?

Description

Time

  • Played on: Dec. 15, 2023, 11:17 a.m.
  • Length: 6:14

All games in this series

Show
View Real Time Build Order
Export as new Build Order

ShoWTimE Protoss 

Build Orders: Oracle Opening, Proxy Void Ray 

Get SALT Encoding   

  12  0:00  Probe  
  13  0:12  Probe  
  14  0:17  Pylon  
  14  0:24  Probe (Chrono Boost)  
  15  0:36  Probe (Chrono Boost)  
  15  0:37  Gateway  
  16  0:45  Probe (Chrono Boost)  
  16  0:46  Assimilator  
  17  0:51  Probe  
  18  1:03  Probe  
  19  1:04  Assimilator  
  19  1:15  Probe (Chrono Boost)  
  19  1:16  Pylon  
  20  1:24  Cybernetics Core  
  21  1:26  Probe (Chrono Boost)  
  21  1:31  Probe (Chrono Boost)  
  22  1:34  Zealot  
  24  1:41  Probe  
  25  1:53  Probe  
  26  2:00  Stargate  
  28  2:09  Warp Gate  
  26  2:19  Nexus  
  26  2:27  Stalker  
  28  2:34  Shield Battery  
  28  2:41  Pylon  
  28  2:48  Oracle (Chrono Boost)  
  31  3:04  Probe  
  31  3:05  Stalker  
  33  3:24  Void Ray (Chrono Boost)  
  33  3:26  Shield Battery  
  37  3:32  Probe  
  39  3:34  Probe  
  39  3:40  Shield Battery  
  43  3:58  Void Ray (Chrono Boost)  
  43  4:01  Stalker  
  45  4:10  Pylon  
  45  4:29  Shield Battery  
  49  4:31  Void Ray (Chrono Boost)  
  46  4:45  Stalker  
  48  5:01  Shield Battery  
  48  5:10  Zealot  
  45  5:24  Void Ray  
  41  5:33  Zealot  
Show
View Real Time Build Order
Export as new Build Order

Classic Protoss - Winner!

Build Orders:  

Get SALT Encoding   

  12  0:00  Probe  
  13  0:12  Probe  
  14  0:17  Pylon  
  14  0:24  Probe  
  15  0:35  Gateway  
  15  0:36  Probe (Chrono Boost)  
  16  0:46  Assimilator, Probe (Chrono Boost)  
  17  0:51  Probe (Chrono Boost)  
  17  0:56  Assimilator  
  18  1:03  Probe (Chrono Boost)  
  19  1:08  Gateway  
  19  1:13  Probe (Chrono Boost)  
  19  1:18  Probe (Chrono Boost)  
  20  1:25  Cybernetics Core  
  21  1:29  Probe  
  22  1:41  Probe, Pylon  
  23  1:56  Pylon  
  23  2:00  Warp Gate (Chrono Boost)  
  24  2:02  Stalker  
  24  2:06  Stalker  
  28  2:14  Gateway  
  27  2:28  Pylon  
  27  2:33  Stalker  
  29  2:38  Stalker  
  31  2:47  Robotics Facility  
  31  2:57  Pylon  
  31  3:07  Stalker  
  33  3:19  Shield Battery  
  32  3:41  Warp Prism (Chrono Boost), Stalker x2  
  38  3:52  Stalker  
  40  3:59  Pylon  
  40  4:06  Sentry  
  40  4:08  Stalker  
  44  4:19  Stalker  
  41  4:41  Stalker x2  
  41  4:45  Probe  
  45  5:04  Stalker x3  
  47  5:28  Stalker  
  49  5:32  Stalker  
  49  5:33  Stalker  
Tags
 
Add a new tag
Caveats
  • Supply blocks, unpowered buildings, or Contaminate may cause inaccurate times.
  • Supply counts are checked every 10 seconds.